 Dungeon Crawl Stone Soup version 0.29.1-1-gd02db6906a (webtiles) character file.

Game seed: 2494181560127902916

22747 hawla the Destroyer (level 12, -7/145 HPs)
             Began as a Purple Draconian Conjurer on Sept 30, 2022.
             Was a Priest of Vehumet.
             Mangled by an ice devil (8 damage)
             ... in an ice cave.
             The game lasted 01:01:40 (18218 turns).

hawla the Destroyer (Purple Draconian Conjurer)    Turns: 18218, Time: 01:01:41

Health: -7/145     AC: 26    Str: 10    XL:     12   Next: 65%
Magic:  0/26       EV:  2    Int: 29    God:    Vehumet [***...]
Gold:   871        SH:  0    Dex: 10    Spells: 7/32 levels left

rFire   + + .      SeeInvis .   D - +5 flail (vorpal)
rCold   + . .      Faith    .   (no shield)
rNeg    . . .      Spirit   .   (body armour unavailable)
rPois   +          Reflect  .   (helmet currently unavailable)
rElec   +          Harm     .   (cloak currently unavailable)
rCorr   +          Rampage  .   (gloves currently unavailable)
Will    +....      Rage     3%  (boots currently unavailable)
Stlth   ++........ NoTele   +   w - amulet of regeneration
HPRegen 1.14/turn               i - +6 ring of intelligence
MPRegen 0.20/turn               C - ring of protection from fire

@: tree-form, resistant
A: stationary, stasis, torment immunity, boosted hp, (breathe power), AC +8,
unfitting armour, (cold-blooded), (horns 2), berserk 1, MP-powered wands
a: Renounce Religion


You were in an ice cave.
You worshipped Vehumet.
Vehumet was most pleased with you.
You were a tree.
You visited 3 branches of the dungeon, and saw 15 of its levels.
You also visited: Ice Cave.

You collected 871 gold pieces.

Inventory:

Hand Weapons
 p - a +4 flail of venom
 r - a +2 vampiric broad axe
 u - a +2 morningstar of protection
 D - a +5 vorpal flail (weapon)
Missiles
 c - 23 poisoned darts (quivered)
 n - a throwing net
 o - 5 datura-tipped darts
 v - a curare-tipped dart
Armour
 l - a +0 pair of boots (melded)
 A - a scarf of invisibility
 G - the +0 cloak of Miosomp (melded) {Dex+5}
   (You found it on level 11 of the Dungeon)

   Dex:       It affects your dexterity (+5).
 L - a +1 pair of gloves (melded)
Magical Staves
 E - a staff of death
Jewellery
 i - a +6 ring of intelligence (left branch)
 w - an amulet of regeneration (around neck)
 C - a ring of protection from fire (right branch)
 F - a +4 ring of evasion
Wands
 b - a wand of mindburst (8)
 k - a wand of quicksilver (12)
 x - a wand of paralysis (5)
 z - a wand of flame (21)
Scrolls
 y - 3 scrolls of magic mapping
 H - 4 scrolls of identify
 K - 3 scrolls of teleportation
Potions
 d - a potion of resistance
 e - 2 potions of berserk rage
 f - 2 potions of ambrosia
 g - 3 potions of might
 h - 2 potions of curing
 j - 4 potions of flight
 m - 2 potions of attraction {unknown}
 q - a potion of lignification
 s - 2 potions of heal wounds {unknown}
 t - 3 potions of haste
Miscellaneous
 B - a tin of tremorstones (2/2)
 J - a box of beasts


   Skills:
 + Level 6.6 Fighting
 + Level 8.3(8.4) Maces & Flails
 + Level 1.7(5.5) Staves
 + Level 1.7 Throwing
 + Level 6.8 Dodging
 - Level 2.8 Stealth
 + Level 10.6 Spellcasting
 + Level 11.0 Conjurations
 + Level 3.0 Necromancy
 + Level 5.1 Translocations
 + Level 1.8 Fire Magic
 + Level 1.8 Ice Magic
 + Level 6.9 Poison Magic
 + Level 1.0 Evocations


You had 7 spell levels left.
You knew the following spells:

 Your Spells              Type           Power      Damage    Failure   Level
a - Olgreb's Toxic Radia  Pois           54%        N/A       1%          4
b - Searing Ray           Conj           100%       2d8       1%          2
c - Iskenderun's Mystic   Conj/Tloc      58%        2d12      1%          4
d - Flame Wave            Conj/Fire      52%        2d13      1%          4
e - Vampiric Draining     Necr           33%        2d8       3%          3
g - Iskenderun's Battles  Conj           68%        2d12      1%          5
h - Frozen Ramparts       Ice            52%        1d8       1%          3

Your spell library contained the following spells:

 Spells                   Type           Power      Damage    Failure   Level
 Mephitic Cloud           Conj/Pois/Air  50%        N/A       1%          3
 Apportation              Tloc           90%        N/A       1%          1
 Foxfire                  Conj/Fire      100%       2x1d9     1%          1
 Freeze                   Ice            100%       1d11      1%          1
 Magic Dart               Conj           100%       1d8       1%          1
 Necrotise                Necr           100%       1d9       1%          1
 Sting                    Tmut/Pois      100%       1d8       1%          1
 Poisonous Vapours        Pois/Air       70%        N/A       1%          2
 Conjure Flame            Conj/Fire      52%        6-21      1%          3
 Dazzling Flash           Conj/Hex       94%        N/A       1%          3
 Gell's Gravitas          Tloc           45%        N/A       1%          3
 Inner Flame              Hex/Fire       20%        N/A       1%          3
 Lesser Beckoning         Tloc           45%        N/A       1%          3
 Teleport Other           Tloc           45%        N/A       1%          3
 Fulminant Prism          Conj/Hex       23%        3d13      1%          4
 Hailstorm                Conj/Ice       52%        3d12      1%          4
 Spider Form              Tmut/Pois      35%        N/A       2%          3
 Slow                     Hex            60%        N/A       3%          1
 Summon Small Mammal      Summ           60%        N/A       3%          1
 Ensorcelled Hibernation  Hex/Ice        40%        N/A       3%          2
 Portal Projectile        Hex/Tloc       60%        N/A       3%          3
 Passage of Golubria      Tloc           45%        N/A       4%          4
 Confusing Touch          Hex            15%        N/A       11%         3
 Tukima's Dance           Hex            15%        N/A       11%         3
 Iron Shot                Conj/Erth      23%        9d5       16%         6
 Anguish                  Hex/Necr       12%        N/A       19%         4
 Lee's Rapid Deconstruct  Erth           7%         3d8*      24%         5
 Yara's Violent Unravell  Hex/Tmut       7%         3d5       24%         5
 Spellforged Servitor     Conj/Summ      23%        N/A       58%         7
 Blade Hands              Tmut           7%         N/A       69%         5
 Enfeeble                 Hex            7%         N/A       100%        7


Dungeon Overview and Level Annotations

Branches:
Dungeon (11/15)            Temple (1/1) D:4            Lair (3/5) D:9
  Swamp (0/4) Lair:3        Snake (0/4) Lair:3        IceCv (1/1)
    Orc: D:9-12

Altars:
Ashenzari
Cheibriados
Dithmenos
Elyvilon
Fedhas
Gozag
Hepliaklqana
Kikubaaqudgha
Makhleb
Nemelex Xobeh
Okawaru
Qazlal
Ru
Sif Muna
Trog
Uskayaw
Vehumet
Wu Jian
Xom
Yredelemnul
Zin
The Shining One

Shops:
D:5 [!([   D:8 =

Annotations:
D:3 2 transporters, CertainDeath's ghost, amateur DsGl
D:8 2 runed translucent doors, lambentLogic's ghost, novice KoEn


Innate Abilities, Weirdness & Mutations

You are a tree.
Your roots penetrate the ground, keeping you stationary.
You cannot be teleported.
You are immune to unholy pain and torment.
Your maximum health is greatly increased.
Your equipment is partially melded.
((You can breathe bolts of dispelling energy.))
((Your rich purple scales are hard. (AC +8)))
You cannot fit into any form of body armour.
((You are cold-blooded and may be slowed by cold attacks.))
((You have a pair of horns on your head.))
You sometimes lose your temper in combat.
You expend magic power (3 MP) to strengthen your wands.


Message History

Okay, then.
Really quaff the potion of lignification?
You turn into a tree.
The +0 cloak of Miosomp {Dex+5} melds into your body.
Your +1 pair of gloves melds into your body.
Your +0 pair of boots melds into your body.
Your roots penetrate the ground.
The ice devil hits you but does no damage.
You closely miss the ice devil.
You punch the ice devil, but do no damage.
The ice devil is moderately wounded.
The ice devil hits you but does no damage.
Casting: Searing Ray (safe; 1% risk of failure)
Confirm with . or Enter, or press ? or * to list all spells.
You don't have enough magic to cast this spell.
You hit the ice devil.
The ice devil is moderately wounded.
Your battlesphere wavers and loses cohesion.
The ice devil hits you!
* * * LOW HITPOINT WARNING * * *
The ice devil freezes you!
* * * LOW HITPOINT WARNING * * *
You feel better. The ice devil barely misses you.
You feel protected. The ice devil hits you!
* * * LOW HITPOINT WARNING * * *
The ice devil freezes you! You resist.
* * * LOW HITPOINT WARNING * * *
Casting: Searing Ray (safe; 1% risk of failure)
Confirm with . or Enter, or press ? or * to list all spells.
Aiming: Searing Ray (safe; 1% risk of failure)
Press: ? - help, Shift-Dir - straight line, f/p - ice devil
Aim: an ice devil (moderately wounded, 83% to hit)
The searing ray hits the ice devil!
The ice devil is heavily wounded. (Press . to maintain the ray.)
The ice devil hits you!
* * * LOW HITPOINT WARNING * * *
The ice devil freezes you! You resist.
You die...

#### ###... ##.....
##...... ####
#.......
##°.########......
##....##..##.......
#..................
#.♣4∩.............⌠
#.......##.........
##....######.......
##..## ##......
#### #.......
##...... ##.....
###... ####


You could see an ice devil.

Vanquished Creatures
  A hydra (Lair:2)
  3 skeletal warriors (D:11)
  Pikel (D:5)
  An ugly thing (D:9)
  An oklob plant (Lair:2)
  2 manticores (D:11)
  A black mamba (Lair:3)
  2 ice statues (IceCv)
  2 cane toads (Lair:1)
  An unseen horror (D:11)
  6 komodo dragons
  3 kobold demonologists (D:10)
  2 rime drakes (Lair:2)
  3 ice devils
  A polar bear (Lair:2)
  A troll (D:9)
  16 blink frogs
  2 shadows (D:11)
  Sigmund (D:2)
  A dire elephant simulacrum (IceCv)
  14 yaks
  3 wyverns
  Eustachio (D:5)
  2 wraiths (D:11)
  3 basilisks
  A steam dragon (D:9)
  A death yak simulacrum (IceCv)
  2 harpy simulacra (IceCv)
  An acid dragon (D:10)
  A hydra simulacrum (IceCv)
  7 water moccasins
  3 orc warriors
  3 ice beasts (D:6)
  5 sky beasts
  An ogre (D:5)
  3 wolves (Lair:2)
  4 centaurs
  2 lemures (D:5)
  A phantom (D:6)
  3 kobold brigands
  8 bullfrogs
  3 necrophages
  2 scorpions
  14 wights
  4 killer bees (D:9)
  5 howler monkeys
  4 hounds
  An orc priest (D:8)
  An iguana (D:6)
  Jessica (D:2)
  Natasha (thrice) (D:2)
  4 orc wizards
  6 hell rats (Lair:1)
  A wolf simulacrum (IceCv)
  3 gnolls (D:2)
  5 adders
  A naga simulacrum (IceCv)
  3 white imps
  An ufetubus (IceCv)
  4 worms
  19 orcs
  8 endoplasms
  3 giant cockroaches
  5 goblins
  7 hobgoblins
  14 jackals
  7 quokkas
  9 ball pythons
  7 bats
  2 frilled lizards (D:2)
  17 kobolds
  5 rats
289 creatures vanquished.

Vanquished Creatures (others)
  9 fungi
  11 plants
20 creatures vanquished.

Grand Total: 309 creatures vanquished

Notes
Turn   | Place    | Note
-------+----------+-------------------------------------------
     0 | D:1      | hawla the Draconian Conjurer began the quest for the Orb.
     0 | D:1      | Reached XP level 1. HP: 14/14 MP: 3/3
   668 | D:1      | Reached XP level 2. HP: 20/20 MP: 3/5
   671 | D:1      | Learned a level 2 spell: Searing Ray
   877 | D:1      | Found a faded altar of an unknown god.
  1571 | D:2      | Reached XP level 3. HP: 26/26 MP: 1/6
  1652 | D:2      | Noticed Natasha
  1662 | D:2      | Killed Natasha
  1763 | D:2      | Noticed Sigmund
  1787 | D:2      | Reached skill level 5 in Conjurations
  1980 | D:2      | Reached XP level 4. HP: 34/34 MP: 4/7
  2118 | D:2      | Killed Sigmund
  2119 | D:2      | Reached XP level 5. HP: 38/39 MP: 0/8
  2195 | D:2      | Learned a level 4 spell: Iskenderun's Mystic Blast
  2361 | D:2      | Noticed Natasha
  2367 | D:2      | Killed Natasha
  2368 | D:2      | Reached skill level 6 in Conjurations
  2448 | D:2      | Noticed Jessica
  2452 | D:2      | Killed Jessica
  2453 | D:2      | Reached XP level 6. HP: 34/46 MP: 5/9
  2861 | D:2      | Noticed Natasha
  2878 | D:2      | Killed Natasha
  2879 | D:2      | Reached skill level 1 in Translocations
  3447 | D:2      | Gained mutation: You have a pair of small horns on your
                  | head. [potion of mutation]
  3447 | D:2      | Gained mutation: You have a pair of horns on your head.
                  | [potion of mutation]
  3447 | D:2      | Gained mutation: You sometimes lose your temper in combat.
                  | [potion of mutation]
  3447 | D:2      | Gained mutation: You expend magic power (3 MP) to
                  | strengthen your wands. [potion of mutation]
  3688 | D:3      | Noticed CertainDeath's ghost (amateur DsGl)
  3689 | D:3      | Found a transporter.
  3703 | D:3      | Found a transporter.
  3834 | D:3      | Found a blossoming altar of Fedhas.
  3834 | D:3      | Found a bloodstained altar of Trog.
  3834 | D:3      | Found an ancient bone altar of Kikubaaqudgha.
  4462 | D:4      | Found a staircase to the Ecumenical Temple.
  4627 | D:4      | Reached skill level 7 in Conjurations
  4627 | D:4      | Your scales start taking on a rich purple colour.
  4627 | D:4      | Reached XP level 7. HP: 46/51 MP: 11/11
  4632 | D:4      | Learned a level 4 spell: Flame Wave
  5092 | D:5      | Entered Level 5 of the Dungeon
  5248 | D:5      | Noticed Eustachio
  5262 | D:5      | Killed Eustachio
  5263 | D:5      | Reached skill level 1 in Fire Magic
  5505 | D:5      | Reached skill level 8 in Conjurations
  5606 | D:5      | Found Demoug's Antique Weapon Shoppe.
  5606 | D:5      | Found Cejefiy's Armour Shoppe.
  5606 | D:5      | Found Deaschicu's Distillery.
  5612 | D:5      | Found Pumecv Ydweg's Armour Shoppe.
  5953 | D:5      | Reached skill level 1 in Fighting
  5953 | D:5      | Reached skill level 1 in Maces & Flails
  6377 | D:5      | Noticed Pikel
  6396 | D:5      | Killed Pikel
  6397 | D:5      | Reached skill level 1 in Throwing
  6397 | D:5      | Reached XP level 8. HP: 20/59 MP: 1/13
  6401 | D:5      | Learned a level 3 spell: Vampiric Draining
  7160 | D:6      | Found a white marble altar of Elyvilon.
  7176 | D:6      | Reached skill level 9 in Conjurations
  7187 | D:6      | Reached XP level 9. HP: 53/67 MP: 2/15
  7520 | D:6      | Found a shimmering blue altar of Sif Muna.
  8247 | D:7      | Reached skill level 5 in Spellcasting
  8860 | D:7      | Reached skill level 5 in Maces & Flails
  9461 | Temple   | Entered the Ecumenical Temple
  9522 | Temple   | Became a worshipper of Vehumet
  9684 | D:8      | Learned a level 4 spell: Olgreb's Toxic Radiance
  9738 | D:8      | Reached skill level 1 in Poison Magic
 10153 | D:8      | Found a large runed translucent door.
 10154 | D:8      | Found a large runed translucent door.
 10155 | D:8      | Noticed lambentLogic's ghost (novice KoEn)
 10175 | D:8      | Reached XP level 10. HP: 27/77 MP: 0/18
 10545 | D:8      | Found Lacruola's Jewellery Boutique.
 10593 | D:8      | Found a shimmering altar of Xom.
 10654 | D:8      | Reached * piety under Vehumet
 10654 | D:8      | Offered knowledge of Freeze by Vehumet.
 11103 | D:9      | Noticed a purple ugly thing
 11117 | D:9      | Killed a purple ugly thing
 11453 | D:9      | You fall into a shaft and drop 2 floors!
 11456 | D:11     | Identified the +2 trident of Discomfort {protect, Fly Int-5
                  | Dex+5}
 11480 | D:11     | Noticed a manticore
 11486 | D:11     | Killed a manticore
 11584 | D:10     | Entered Level 10 of the Dungeon
 11839 | D:9      | Found a staircase to the Lair.
 12074 | D:9      | Reached skill level 5 in Dodging
 12260 | D:9      | Reached skill level 5 in Poison Magic
 12647 | D:9      | Found a sparkling altar of Nemelex Xobeh.
 12735 | D:10     | Noticed a soul eater
 12738 | D:10     | Reached skill level 5 in Fighting
 12968 | D:10     | Found an opulent altar of Gozag.
 13027 | D:10     | Found a hazy altar of Hepliaklqana.
 13064 | D:10     | Found a broken altar of Ashenzari.
 13068 | D:10     | Found a basalt altar of Yredelemnul.
 13109 | D:10     | Reached XP level 11. HP: 86/86 MP: 1/21
 13123 | D:10     | Reached skill level 10 in Conjurations
 13405 | D:10     | Found a sacrificial altar of Ru.
 13595 | D:11     | Reached skill level 1 in Evocations
 13655 | D:11     | Reached skill level 1 in Staves
 13848 | D:11     | Identified the +0 cloak of Miosomp {Dex+5}
 13864 | D:11     | Offered knowledge of Static Discharge by Vehumet.
 13869 | D:11     | Reached ** piety under Vehumet
 13976 | D:11     | Noticed a skeletal warrior
 13976 | D:11     | Noticed a skeletal warrior
 13977 | D:11     | Noticed a skeletal warrior
 13996 | D:11     | Killed a skeletal warrior
 14010 | D:11     | Killed a skeletal warrior
 14039 | D:11     | Killed a skeletal warrior
 14224 | D:11     | Learned a level 1 spell: Magic Dart
 14230 | D:11     | Learned a level 5 spell: Iskenderun's Battlesphere
 14798 | Lair:1   | Entered Level 1 of the Lair of Beasts
 15597 | Lair:1   | Reached XP level 12. HP: 63/96 MP: 4/25
 15603 | Lair:1   | Offered knowledge of Stone Arrow by Vehumet.
 15608 | Lair:1   | Learned a level 3 spell: Frozen Ramparts
 16779 | Lair:2   | Reached *** piety under Vehumet
 16964 | Lair:2   | Noticed an eight-headed hydra
 16979 | Lair:2   | Killed an eight-headed hydra
 17172 | Lair:2   | Reached skill level 1 in Ice Magic
 17302 | Lair:2   | Reached skill level 10 in Spellcasting
 17302 | Lair:2   | Reached skill level 5 in Translocations
 17596 | Lair:3   | Found a frozen archway.
 17658 | IceCv    | Entered an ice cave
 17696 | IceCv    | Offered knowledge of Mephitic Cloud by Vehumet.
 17821 | IceCv    | Reached skill level 11 in Conjurations
 18218 | IceCv    | HP: 1/145 [ice devil (8)]
 18218 | IceCv    | Mangled by an ice devil

Illustrated notes

Levels and vault maps discovered:
D:1:      dpeg_arrival_brainrot, layout_loops_ring,
          shapermc_ecumenical_altar_mp_highgroup
D:2:      layout_basic, minmay_fractal_squares_5, uniq_jessica, uniq_sigmund,
          uniq_natasha
D:3:      layout_basic, chequers_temple_overflow_statue_of_worship,
          gammafunk_ghost_arena, kennysheep_another_room
D:4:      layout_loops_ring, minmay_temple_entry_poolview
D:5:      layout_loops_corners, minmay_shop_grid_forest,
          kennysheep_small_spiral, serial_park_tiny_2, uniq_pikel,
          uniq_eustachio
D:6:      layout_basic, led_sif_pool, mainiacjoe_overflow_small_starburst,
          kennysheep_diamond
D:7:      layout_loops_cross, nicolae_figureground_sparkle
D:8:      layout_loops_ring, old_standard_altar, serial_shops,
          nicolae_square_shop, ebering_ghost_disaster_area
D:9:      layout_irregular_city, lemuel_coloured_pillars_altar,
          lair_entry_dummy, minmay_misc_feat_room
D:10:     layout_rooms, nicolae_hepliaklqana_hippocampus, grunt_gozag_statues,
          hangedman_ru_absence, grunt_temple_overflow_open
D:11:     layout_roguey
Temple:   zaba_magenta_temple
Lair:1:   layout_long_grid
Lair:2:   layout_regular_city
Lair:3:   layout_long_grid, palyth_hydra_swamp_entry,
          minmay_snake_entry_guardpost_small, portal_ice_cave_demonic_guard,
          nicolae_lair_run_with_the_wolves
IceCv:    ice_cave_tombish

Skill      XL: |  1  2  3  4  5  6  7  8  9 10 11 12 |
---------------+-------------------------------------+-----
Stealth        | 2 |  2.8
Dodging        | 2 3 4 5 6 |  6.8
Conjurations   | 5 6 7 8 9 10 11 | 11.0
Translocations | 1 3 4 5 |  5.1
Spellcasting   | 3 4 5 6 9 10 | 10.6
Fire Magic     | 1 |  1.8
Fighting       | 1 2 3 5 6 |  6.6
Maces & Flails | 2 3 5 6 7 8 |  8.3
Throwing       | 1 |  1.7
Necromancy     | 2 3 |  3.0
Poison Magic   | 2 5 6 |  6.9
Evocations     | 1 |  1.0
Staves         | 1 |  1.7
Ice Magic      | 1 |  1.8

Action                   |  1- 3 |  4- 6 |  7- 9 | 10-12 || total
-------------------------+-------+-------+-------+-------++-------
Melee: Unarmed           |    27 |     3 |       |       ||    30
       Tailslap          |     1 |    10 |     6 |    39 ||    56
       Flail             |       |    69 |    89 |   192 ||   350
       Headbutt          |       |     5 |     9 |    58 ||    72
       Punch             |       |       |     1 |     6 ||     7
       Morningstar       |       |       |       |    41 ||    41
       Staff             |       |       |       |    34 ||    34
Throw: Dart              |     5 |       |       |     7 ||    12
 Cast: Magic Dart        |    48 |    31 |    14 |    33 ||   126
       Searing Ray       |     6 |    21 |    24 |    31 ||    82
       Iskenderun's Myst |       |     4 |    21 |    66 ||    91
       Vampiric Draining |       |       |     4 |       ||     4
       Olgreb's Toxic Ra |       |       |     1 |    38 ||    39
       Iskenderun's Batt |       |       |       |    21 ||    21
       Flame Wave        |       |       |       |    12 ||    12
       Frozen Ramparts   |       |       |       |     8 ||     8
  Use: Scroll            |       |     4 |     8 |     4 ||    16
       Potion            |       |     1 |     1 |    14 ||    16
 Stab: Sleeping          |       |     2 |     1 |     3 ||     6
       Distracted        |       |       |     1 |       ||     1
Armor: Skin              |    11 |    31 |    68 |   144 ||   254
Dodge: Dodged            |    31 |    76 |    89 |   271 ||   467
